 Dungeon Sprint DCSS version 0.21-a0-264-g3e31e41 (webtiles) character file.

886 terra52 the Fighter (level 8, -1/72 HPs)
             Began as a Formicid Fighter on Sept 8, 2017.
             Was the Champion of Zin.
             Splashed by a jelly's acid (11 damage)
             ... in the Dungeon (Sprint I: "Red Sonja").
             The game lasted 00:02:01 (1133 turns).

terra52 the Fighter (Formicid Fighter)              Turns: 1133, Time: 00:02:01

Health: -1/72      AC: -7    Str: 21    XL:     8   Next: 26%
Magic:  8/8        EV: 10    Int: 10    God:    Zin [******]
Gold:   149        SH: 11    Dex: 13    Spells: 7/7 levels left

rFire    . . .     SeeInvis +   a - +0 long sword
rCold    . . .     Gourm    .   c - +0 shield
rNeg     . . .     Faith    .   b - +0 scale mail
rPois    ∞         Spirit   .   (helmet unavailable)
rElec    .         Reflect  .   (no cloak)
rCorr    .         Harm     .   (no gloves)
MR       .....                  (no boots)
Stlth    ..........             (no amulet)
HPRegen  0.22/turn              (no ring)
MPRegen  0.11/turn              (no ring)

@: vitalised, corroded
A: permanent stasis, dig shafts and tunnels, four strong arms, antennae 3
a: Dig, Recite, Vitalisation, Imprison, Sanctuary, Donate Gold, Cure All
Mutations, Renounce Religion


You were in the Dungeon.
You worshipped Zin.
Zin was exalted by your worship.
You were hungry.

You visited 1 branch You collected 162 gold pieces.
You donated 13 gold pieces to Zin.

Inventory:

Hand Weapons
 a - a +0 long sword (weapon)
Armour
 b - a +0 scale mail (worn)
 c - a +0 shield (worn)
Scrolls
 d - 3 scrolls of remove curse {unknown}
 k - a scroll of blinking
 m - a scroll of amnesia {unknown}
 n - a scroll of identify {unknown}
Potions
 e - a potion of curing
 g - a potion of heal wounds
 h - a potion of haste
 i - 2 potions of magic
 j - a potion of berserk rage
Comestibles
 f - a bread ration
 l - a meat ration


   Skills:
 * Level 10.3 Fighting
 * Level 10.0 Long Blades
 + Level 9.9 Armour
 + Level 1.7 Dodging
 - Level 8.4 Shields
 - Level 0.5 Invocations


You had 7 spell levels left.
You didn't know any spells.

Dungeon Overview and Level Annotations

Branches:
Dungeon (1/1)

Altars:
Cheibriados
Dithmenos
Elyvilon
Fedhas
Gozag
Hepliaklqana
Kikubaaqudgha
Nemelex Xobeh
Okawaru
Qazlal
Ru
Sif Muna
Trog
Uskayaw
Vehumet
Wu Jian
Yredelemnul
Zin
The Shining One

Shops:
D ([


Innate Abilities, Weirdness & Mutations

You cannot be hasted, slowed, berserked, paralysed or teleported.
You can dig through walls and to a lower floor.
Your four strong arms can wield two-handed weapons with a shield.
You have a pair of large antennae on your head. (SInv)


Message History

You are splashed with acid!
The acid burns!
You hit the jelly but do no damage.
Your hands burn!
The jelly hits you. The acid corrodes you!
You are splashed with acid!
The acid burns!
You hear a distant slurping noise.
You hit the jelly but do no damage.
Your hands burn!
You block the jelly's attack.
You slash the jelly! The acid corrodes you!
Your hands burn!
The jelly is almost dead.
The jelly hits you. The acid corrodes you!
You are splashed with acid!
The acid burns!
* * * LOW HITPOINT WARNING * * *
You hit the jelly but do no damage.
Your hands burn!
* * * LOW HITPOINT WARNING * * *
You block the jelly's attack. The jelly closely misses you.
You hit the jelly but do no damage.
Your hands burn!
* * * LOW HITPOINT WARNING * * *
The jelly hits you.
* * * LOW HITPOINT WARNING * * *
You are splashed with acid!
The acid burns!
You die...

_###+#..(....##{+$#
## ####+###)###§# {
+[∩.§§# { #####§#
#.# { {{ §§# { {
#++.######§#
#.....JJJ#J#
#.....{{#@§#
$......J{#### {
.......≈≈#
.....≈≈≈## {
..≈≈≈≈### { ######


You could see 3 jellies.

Vanquished Creatures
  Sigmund (D)
  2 redbacks (D)
  A yak (D)
  A floating eye (D)
  An ogre (D)
  2 jellies (D)
  Ijyb (D)
9 creatures vanquished.

Vanquished Creatures (others)
  A gargoyle (D)
1 creature vanquished.

Grand Total: 10 creatures vanquished

Notes
Turn   | Place    | Note
-------+----------+-------------------------------------------
     0 | D        | terra52 the Formicid Fighter began the quest for the Orb.
     0 | D        | Reached XP level 1. HP: 18/18 MP: 1/1
     1 | D        | Noticed Ijyb
    15 | D        | Killed Ijyb
    15 | D        | Reached skill level 5 in Shields
    15 | D        | Reached XP level 2. HP: 20/26 MP: 2/2
    15 | D        | Reached XP level 3. HP: 24/31 MP: 3/3
    18 | D        | Noticed an ogre
    24 | D        | Killed an ogre
    24 | D        | Reached XP level 4. HP: 19/40 MP: 4/4
    24 | D        | Reached XP level 5. HP: 22/46 MP: 5/5
   180 | D        | Noticed Sigmund
   199 | D        | Killed Sigmund
   199 | D        | Reached skill level 5 in Long Blades
   199 | D        | Reached XP level 6. HP: 4/55 MP: 6/6
   429 | D        | Killed a gargoyle
   481 | D        | Found an ornate altar of the Wu Jian Council.
   481 | D        | Found a deep blue altar of Sif Muna.
   483 | D        | Found a radiant altar of Vehumet.
   495 | D        | Found Jyot's Weapon Emporium.
   495 | D        | Found an ancient bone altar of Kikubaaqudgha.
   495 | D        | Found a hazy altar of Hepliaklqana.
   495 | D        | Found a stormy altar of Qazlal.
   495 | D        | Found a hide-covered altar of Uskayaw.
   495 | D        | Found a blossoming altar of Fedhas.
   495 | D        | Found a bloodstained altar of Trog.
   495 | D        | Found an iron altar of Okawaru.
   495 | D        | Found a basalt altar of Yredelemnul.
   495 | D        | Found a glowing golden altar of the Shining One.
   495 | D        | Found a snail-covered altar of Cheibriados.
   495 | D        | Found a sacrificial altar of Ru.
   495 | D        | Found a glowing silver altar of Zin.
   495 | D        | Found a shadowy altar of Dithmenos.
   495 | D        | Found a white marble altar of Elyvilon.
   495 | D        | Noticed a yak
   503 | D        | Killed a yak
   503 | D        | Reached skill level 1 in Dodging
   503 | D        | Reached XP level 7. HP: 6/63 MP: 7/7
   504 | D        | Found an opulent altar of Gozag.
   505 | D        | Found a sparkling altar of Nemelex Xobeh.
   512 | D        | Became a worshipper of Zin the Law-Giver
   512 | D        | Reached * piety under Zin
   512 | D        | Reached ** piety under Zin
   512 | D        | Reached *** piety under Zin
   522 | D        | Reached **** piety under Zin
   522 | D        | Reached ***** piety under Zin
   909 | D        | Found Geirr's Armour Emporium.
   913 | D        | Noticed a redback
   920 | D        | Killed a redback
   922 | D        | Noticed a redback
   927 | D        | Killed a redback
   927 | D        | Reached skill level 10 in Fighting
   927 | D        | Reached XP level 8. HP: 31/72 MP: 5/8
   929 | D        | Reached ****** piety under Zin
  1127 | D        | Reached skill level 10 in Long Blades
  1133 | D        | Splashed by a jelly's acid

Vault maps used:
D:        dungeon_sprint_1

Skill      XL: |  1  2  3  4  5  6  7  8 |
---------------+-------------------------+-----
Fighting       | 4 6 7 8 10 | 10.3
Armour         | 4 6 7 8 9 |  9.9
Shields        | 5 6 8 |  8.4
Long Blades    | 4 5 7 9 10 | 10.0
Dodging        | 1 |  1.7
Invocations    | |  0.5

Action                   |  1- 3 |  4- 6 |  7- 9 || total
-------------------------+-------+-------+-------++-------
Melee: Long sword        |    17 |    31 |    22 ||    70
Invok: Vitalisation      |       |       |     2 ||     2
 Abil: Dig               |       |       |     3 ||     3
  Use: Potion            |       |     1 |       ||     1
Armor: Scale mail        |     5 |     4 |     4 ||    13
Dodge: Dodged            |     5 |     4 |     3 ||    12
Block: Shield            |     5 |     8 |    10 ||    23
       Rpst.: Long sword |       |     1 |       ||     1

Table legend:
 A = Spawn XP
 B = Non-spawn XP
 C = Spawn XP percentage of total XP
 D = Spawn monster count
 E = Non-spawn monster count
 F = Spawn count percentage of total count
 G = Total turns spent on level
                    A         B        C        D         E        F      G
               +---------+---------+-------+---------+---------+-------+---------
         Total |       0 |    1267 |   0.0 |       0 |       9 |   0.0 |  1133
               +---------+---------+-------+---------+---------+-------+---------
             D |       0 |    1267 |   0.0 |       0 |       9 |   0.0 |  1133
               +---------+---------+-------+---------+---------+-------+---------
